 Dungeon Crawl Stone Soup version 0.30.1-11-g7821555f0a (webtiles) character file.

Game seed: 18230564598941494934

77 TTerc the Digger (level 4, 24/24 HPs)
             Began as a Gargoyle Earth Elementalist on Oct 3, 2023.
             Quit the game on level 2 of the Dungeon on Nov 13, 2023.
             The game lasted 00:09:06 (1782 turns).

TTerc the Digger (Gargoyle Earth Elementalist)      Turns: 1782, Time: 00:09:06

Health: 24/24      AC:  5    Str: 11    XL:     4   Next: 33%
Magic:  8/8        EV: 12    Int: 18    God:
Gold:   88         SH:  0    Dex: 10    Spells: 2/8 levels left

rFire   . . .        (no weapon)
rCold   . . .        (no shield)
rNeg    + . .        a - +0 robe
rPois   ∞            (no helmet)
rElec   +            (no cloak)
rCorr   .            (no gloves)
SInv    .            (no boots)
Will    .....        (no amulet)
Stlth   ++           (no ring)
HPRegen 0.24/turn    (no ring)
MPRegen 0.11/turn

%: no passive effects
@: no status effects
A: sickness immunity, AC +3, negative energy resistance 1, electricity
resistance, torment resistance 1, petrification resistance
a: no special abilities


You were on level 2 of the Dungeon.
You visited 1 branch of the dungeon, and saw 2 of its levels.

You collected 88 gold pieces.

Inventory:

Armour
 a - a +0 robe (worn)
Scrolls
 e - a scroll of brand weapon
 f - a scroll of identify
Potions
 b - a potion of magic
 c - a potion of haste {unknown}
 d - 2 potions of curing
 g - a potion of might
 h - a potion of attraction {unknown}
 i - a potion of lignification {unknown}


   Skills:
 + Level 1.7 Dodging
 + Level 2.4 Stealth
 + Level 2.9 Spellcasting
 + Level 0.7 Transmutations
 + Level 5.0 Earth Magic


You had 2 spell levels left.
You knew the following spells:

 Your Spells              Type           Power      Damage    Failure   Level
a - Sandblast             Erth           40%        2d10      1%          1
b - Passwall              Tmut/Erth      10%        N/A       8%          2
c - Stone Arrow           Conj/Erth      22%        3d8       17%         3

Your spell library contained the following spells:

 Spells                   Type           Power      Damage    Failure   Level
 Apportation              Tloc           4%         N/A       17%         1
 Blink                    Tloc           4%         N/A       26%         2
 Lesser Beckoning         Tloc           4%         N/A       26%         2
 Momentum Strike          Conj/Tloc      4%         3d8       26%         2
 Petrify                  Tmut/Erth      13%        N/A       45%         4
 Alistair's Intoxication  Tmut/Pois      2%         N/A       98%         5


Dungeon Overview and Level Annotations

Branches:
Dungeon (2/15)

Altars:


Innate Abilities, Weirdness & Mutations

You are immune to sickness and miasma.
Your stone body is resilient. (AC +3)
You are immune to poison.
You resist negative energy. (rN+)
You are resistant to electric shocks. (rElec)
You are resistant to unholy torment.
You are immune to petrification.


Message History

Aim: a goblin, wielding a +0 dagger (asleep, 100% to hit)
The blast of sand hits the goblin!
You kill the goblin!
Things that are here:
a +0 dagger; a goblin corpse You open the door.
There is an open door here.
You now have 88 gold pieces (gained 12).
There is an open door here.
There is a stone staircase leading down here.
You pick up a book of Spatial Translocations and begin reading...
You add the spells Blink, Momentum Strike and Lesser Beckoning to your library.
You see here 8 stones.
Found a quarterstaff.
f - a scroll of identify You see here a +0 quarterstaff.
There is a stone staircase leading down here.
A kobold comes into view. It is wielding a +0 dagger.
A kobold is nearby!
Casting: Sandblast (safe; 1% risk of failure)
Confirm with . or Enter, or press ? or * to list all spells.
You can't see any susceptible monsters within range! (Use Z to cast anyway.)
Found a fizzy dark potion and 2 stones.
Casting: Sandblast (safe; 1% risk of failure)
Confirm with . or Enter, or press ? or * to list all spells.
Aiming: Sandblast (safe; 1% risk of failure)
Press: ? - help, Shift-Dir - straight line, f - kobold
Aim: a kobold, wielding a +0 dagger and quivering stones (79% to hit)
The blast of sand hits the kobold!
You kill the kobold!
Things that are here:
a +0 dagger; a stone; a kobold corpse
i - a fizzy dark potion You open the door.
There is an open door here.
Done exploring.
Done exploring.
Welcome back, TTerc the Gargoyle Earth Elementalist.
Press ? for a list of commands and other information.
Are you sure you want to abandon this character and quit the game? (Confirm with "yes".)

....# #.###.... ###.# #.# #.###
#.# ###########.# #.... #.# #####
#.........#.# ###.. #.###...#
#.#######.#.# #.# #...'...#
#.#.....#'#.# #.# #######...#
#.#.#......)# #.#
.....##...#####...........# #.#
.....##...#.....@.........# #.#
.....)#...#...............# #.#
#####.#####......##.......# #.#
#####.####.......##.....(.# #.#
.####.#####....#..+.......# #.#
#####.#############......## #.#
...........####################.#
.####.####...................>..#
.####.################.##########


There were no monsters in sight!

Vanquished Creatures
  3 adders (D:2)
  5 dart slugs
  3 endoplasms
  2 giant cockroaches
  6 goblins
  3 hobgoblins
  A quokka (D:2)
  3 ball pythons
  2 bats (D:1)
  2 frilled lizards (D:2)
  5 kobolds
  7 rats
42 creatures vanquished.

Notes
Turn   | Place    | Note
-------+----------+-------------------------------------------
     0 | D:1      | TTerc the Gargoyle Earth Elementalist began the quest for
                  | the Orb.
     0 | D:1      | Reached XP level 1. HP: 10/10 MP: 3/3
   242 | D:1      | Reached skill level 4 in Earth Magic
   242 | D:1      | Reached XP level 2. HP: 15/15 MP: 3/5
   556 | D:1      | Found a faded altar of an unknown god.
   949 | D:2      | Reached XP level 3. HP: 19/19 MP: 1/6
  1195 | D:2      | Reached XP level 4. HP: 22/24 MP: 1/8
  1199 | D:2      | Learned a level 2 spell: Passwall
  1203 | D:2      | Learned a level 3 spell: Stone Arrow
  1397 | D:2      | Reached skill level 5 in Earth Magic
  1782 | D:2      | Upgraded the game from 0.30.1-9-gdf580d7c3d to
                  | 0.30.1-11-g7821555f0a
  1782 | D:2      | Quit the game

Illustrated notes

Levels and vault maps discovered:
D:1:      minmay_arrival_checkered_box, layout_loops_cross,
          dreamdust_ecumenical_altar_hidden_monk_grotto
D:2:      layout_basic, reono_crystal_passage

Skill      XL: |  1  2  3  4 |
---------------+-------------+-----
Earth Magic    | 4 5 |  5.0
Dodging        | |  1.7
Stealth        | |  2.4
Spellcasting   | |  2.9
Transmutations | |  0.7

Action                     |  1- 3 |  4- 6 || total
---------------------------+-------+-------++-------
  Melee: Unarmed           |     5 |       ||     5
   Cast: Sandblast         |    42 |    11 ||    53
         Stone Arrow       |       |     1 ||     1
         Passwall          |       |     1 ||     1
    Use: Scroll            |       |     4 ||     4
 Armour: Robe              |     3 |     4 ||     7
  Dodge: Dodged            |    19 |     5 ||    24
